 Dungeon Crawl Stone Soup version 0.30-a0-847-g17996783a1 (webtiles) character file.

Game seed: 18115436094607853264

24959 IdlyInterested the Carver (level 12, -3/91 HPs)
             Began as a Demonspawn Fighter on Mar 3, 2023.
             Slain by a hell knight
             ... wielding a +1 great sword
              (9 damage)
             ... on level 13 of the Dungeon.
             The game lasted 00:54:02 (14711 turns).

IdlyInterested the Carver (Demonspawn Fighter)     Turns: 14711, Time: 00:54:03

Health: -3/91      AC: 23    Str: 29    XL:     12   Next: 85%
Magic:  5/25       EV: 15    Int:  9    God:
Gold:   165        SH:  0    Dex: 26    Spells: 17/17 levels left

rFire   . . .      SeeInvis .    h - +5 rapier of Ofuirgh {freeze, Dex+4}
rCold   + . .      Faith    .    (no shield)
rNeg    . . .      Spirit   .    U - +7 scale mail "Boarifiaj" {Str+6 Dex+2 Stlth+}
rPois   +          Reflect  .    (helmet restricted)
rElec   .          Rampage  .    N - +1 cloak of Love and Death {rPois Regen+ Str+3 Dex+3}
rCorr   .                        (no gloves)
Will    +....                    D - +0 pair of boots
Stlth   +++                      (no amulet)
HPRegen 1.15/turn                x - +4 ring of protection
MPRegen 0.19/turn                I - ring of Boolumuon {+Blink rC+ Will+ MP+9 Slay-2}

@: mighty
A: yellow scales 1, powered by pain 2, demonic magic 1, demonic touch 2, hooves
1, horns 1, strong 1
a: Evoke Blink


You were on level 13 of the Dungeon.
You visited 2 branches of the dungeon, and saw 14 of its levels.
You also visited: Sewer.

You collected 936 gold pieces.
You spent 771 gold pieces at shops.

Inventory:

Hand Weapons
 h - the +5 rapier of Ofuirgh (weapon) {freeze, Dex+4}
   (You found it on level 2 of the Dungeon)

   Dex:       It affects your dexterity (+4).
 B - a +6 scimitar
 L - a +4 scimitar of flaming
 P - a +5 short sword
Missiles
 c - a curare-tipped dart
 z - a throwing net
Armour
 D - a +0 pair of boots (worn)
 G - a +0 ring mail of positive energy
 N - the +1 cloak of Love and Death (worn) {rPois Regen+ Str+3 Dex+3}
   (You found it on level 12 of the Dungeon)

   Str:       It affects your strength (+3).
   Dex:       It affects your dexterity (+3).
   rPois:     It protects you from poison.
   Regen:     It increases your rate of health regeneration.
 T - a +1 leather armour of cold resistance
 U - the +7 scale mail "Boarifiaj" (worn) {Str+6 Dex+2 Stlth+}
   (You found it on level 10 of the Dungeon)

   Str:       It affects your strength (+6).
   Dex:       It affects your dexterity (+2).
   Stlth:     It makes you more stealthy.
Jewellery
 b - a +6 ring of strength
 g - a ring of resist corrosion
 j - a ring of willpower
 s - a ring of fire
 x - a +4 ring of protection (left hand)
 A - a ring of protection from cold
 I - the ring of Boolumuon (right hand) {+Blink rC+ Will+ MP+9 Slay-2}
   (You bought it in a shop on level 1 of the Dungeon)

   [ring of protection from cold]

   Slay:      It affects your accuracy & damage with ranged weapons and melee
   (-2).
   rC:        It protects you from cold.
   MP:        It affects your magic capacity (+9).
   +Blink:    It lets you blink.
   Will:      It increases your willpower.
 V - a ring of see invisible
Wands
 n - a wand of digging (3)
 r - a wand of charming (4) (quivered)
 w - a wand of flame (13)
 K - a wand of mindburst (26)
 W - a wand of roots (11)
Scrolls
 a - a scroll of amnesia
 p - 3 scrolls of fear
 q - a scroll of identify
 t - 3 scrolls of fog
 y - 3 scrolls of enchant weapon
 F - a scroll of acquirement {unknown}
 H - a scroll of teleportation
 M - 2 scrolls of poison
 O - a scroll of vulnerability
 S - 2 scrolls of immolation
 Z - a scroll of silence
Potions
 e - 3 potions of resistance
 f - 4 potions of haste
 i - a potion of heal wounds
 k - 2 potions of cancellation
 l - 4 potions of flight
 m - a potion of invisibility
 v - 2 potions of brilliance
 C - 6 potions of curing
 E - 4 potions of mutation
 J - a potion of berserk rage
 Q - 4 potions of ambrosia
Miscellaneous
 o - a lightning rod (4/4)


   Skills:
 - Level 7.0 Fighting
 + Level 8.0(12.0) Short Blades
 - Level 14.0(14.8) Long Blades
 - Level 2.0 Throwing
 - Level 3.0 Armour
 - Level 6.0 Dodging
 - Level 3.0 Stealth
 - Level 2.6 Shields
 - Level 7.0 Unarmed Combat
 - Level 3.0 Spellcasting
 - Level 2.0 Evocations


You had 17 spell levels left.
You didn't know any spells.
Your spell library contained the following spells:

 Spells                   Type           Power      Damage    Failure   Level
 Freeze                   Ice            4%         1d3       54%         1
 Shock                    Conj/Air       4%         1d3       54%         1
 Frozen Ramparts          Ice            2%         1d1       88%         3
 Hailstorm                Conj/Ice       1%         3d3       88%         3
 Summon Guardian Golem    Hex/Summ       1%         N/A       88%         3
 Swiftness                Air            1%         N/A       88%         3
 Airstrike                Air            0%         2d(1-17)  99%         4
 Fireball                 Conj/Fire      0%         3d3       100%        5
 Freezing Cloud           Conj/Ice/Air   0%         6-21      100%        5
 Iskenderun's Battlesphe  Conj           1%         2d6       100%        5
 Lightning Bolt           Conj/Air       0%         1d11      100%        5
 Conjure Ball Lightning   Conj/Air       0%         3x3d6     100%        6
 Orb of Destruction       Conj           0%         9d5       100%        7
 Spellforged Servitor     Conj/Summ      0%         N/A       100%        7


Dungeon Overview and Level Annotations

Branches:
Dungeon (13/15)            Temple (1/1) D:4            Lair (0/5) D:9
    Orc (0/2) D:11          Sewer (visited)
 Vaults: D:13-14

Altars:
Ashenzari
Cheibriados
Dithmenos
Fedhas
Gozag
Hepliaklqana
Kikubaaqudgha
Makhleb
Nemelex Xobeh
Okawaru
Qazlal
Ru
Sif Muna
Trog
Uskayaw
Vehumet
Wu Jian
Xom
Yredelemnul

Shops:
D:1 =   D:13 *

Annotations:
D:13 Wipuing's ghost, journeyman MiBe


Innate Abilities, Weirdness & Mutations

You are partially covered in yellow scales. (AC +2)
You sometimes gain power by taking damage.
Spells you cast may paralyse adjacent enemies.
Your touch may inflict irresistible damage on your foes.
You have large cloven feet.
You have a pair of small horns on your head.
Your muscles are strong. (Str +4, Int/Dex -1)


Message History

The white ugly thing closely misses you.
Wipuing's ghost barely misses you.
You barely miss Wipuing's ghost.
The torpor snail changes into a glowing shapeshifter!
You miss Wipuing's ghost.
You headbutt Wipuing's ghost, but do no damage.
The glowing shapeshifter changes into a deep troll!
The white ugly thing barely misses you. Wipuing's ghost hits you!
You feel your power leaking away.
Wipuing's ghost attacks as you move away!
Wipuing's ghost hits you!
You feel your power leaking away.
The hell knight invokes the aid of its god against you.
The bolt of fire hits you but does no damage.
The deep troll changes into a dream sheep!
Wipuing's ghost attacks as you move away!
Wipuing's ghost hits you but does no damage.
The hell knight hits you with a +1 great sword.
Wipuing's ghost attacks as you move away!
Wipuing's ghost hits you!
You feel your power leaking away.
The dream sheep changes into an orb spider!
The hell knight calls down the wrath of its god upon you.
The bolt of fire hits you!!
* * * LOW HITPOINT WARNING * * *
You focus on the pain.
You feel mightier all of a sudden.
The hell knight attacks as you move away!
The hell knight barely misses you.
The hell knight attacks as you move away!
The hell knight hits you with a +1 great sword!
* * * LOW HITPOINT WARNING * * *
The orb spider changes into a faun!
The hell knight barely misses you.
The hell knight attacks as you move away!
The hell knight misses you.
Wipuing's ghost says, "Are you willing to die fighting?
I was!"
There is an open door here.
The hell knight attacks as you move away!
The hell knight hits you with a +1 great sword!
You die...

##################.......#
#................#.......#
#................#.......#
#................#.......#
#......(.^.......#.......#
#........###....##.......#
#(.......###....#........#
#..............W#........#
#.......c.....up@........#
#.....).........#.######.#
#.##'''##.......#........#
###$$.C.##......#........#
##.$$_$$.###'####........#
.#8$.8..8#.#....#........#
.#∩?...$.#.#....#.######.#
.##!8∩8.##.#....#.# #.#
..#######..#....#.# #.#


You could see a white ugly thing, a hell knight (fast) and Wipuing's ghost.

Vanquished Creatures
  Gastronok (D:8)
  Josephine (D:13)
  A hydra (D:13)
  Erolcha (D:13)
  An ogre mage (D:13)
  A catoblepas (D:13)
  4 centaur warriors (D:13)
  A two-headed ogre (D:12)
  2 boulder beetles
  A deep elf pyromancer (D:12)
  An ugly thing (D:11)
  A cyclops (D:13)
  Joseph (D:7)
  A gargoyle (D:12)
  The ghost of elongatedgoose the Poker, a novice MfGl (D:5)
  4 unseen horrors
  A kobold demonologist (D:9)
  A komodo dragon (D:12)
  An efreet (D:13)
  A meliai (D:13)
  2 trolls
  5 slime creatures
  Sigmund (D:2)
  16 yaks
  7 wraiths
  A vampire (D:12)
  6 vampire mosquitoes
  A steam dragon (D:9)
  7 acid dragons
  5 water moccasins
  2 sky beasts
  2 orc warriors
  A black bear (D:4)
  2 centaurs
  2 phantoms
  2 kobold brigands
  5 bullfrogs
  5 scorpions
  16 wights
  18 killer bees
  4 howler monkeys
  2 jellies
  5 orc priests
  2 gnoll boudas (D:6)
  Terence (D:3)
  4 iguanas
  14 orc wizards
  6 adders
  13 gnolls
  A shadow imp (D:7)
  A white imp (D:7)
  An ufetubus (D:5)
  6 dart slugs
  26 orcs
  3 endoplasms
  A giant cockroach (D:4)
  7 goblins
  4 hobgoblins
  17 kobolds
  8 quokkas
  6 ball pythons
  16 bats
  4 frilled lizards
  7 rats
292 creatures vanquished.

Vanquished Creatures (collateral kills)
  Pikel (D:8)
  A meliai (D:13)
  4 slime creatures (D:13)
6 creatures vanquished.

Vanquished Creatures (others)
  An unseen horror (D:13)
  A meliai (D:13)
  2 withered plants (D:5)
4 creatures vanquished.

Grand Total: 302 creatures vanquished

Notes
Turn   | Place    | Note
-------+----------+-------------------------------------------
     0 | D:1      | IdlyInterested the Demonspawn Fighter began the quest for
                  | the Orb.
     0 | D:1      | Reached XP level 1. HP: 18/18 MP: 1/1
   176 | D:1      | Reached skill level 2 in Long Blades
   176 | D:1      | Reached skill level 1 in Dodging
   252 | D:1      | Gained mutation: Your touch may inflict minor irresistible
                  | damage on your foes. [demonic ancestry]
   252 | D:1      | Reached XP level 2. HP: 24/24 MP: 2/2
   266 | D:1      | Found a faded altar of an unknown god.
   422 | D:1      | Reached skill level 1 in Throwing
   444 | D:1      | Found Ecza's Jewellery Shoppe.
   824 | D:2      | Gained mutation: Your touch may inflict irresistible damage
                  | on your foes. [demonic ancestry]
   824 | D:2      | Reached XP level 3. HP: 27/29 MP: 3/3
  1000 | D:2      | Identified the +5 rapier of Ofuirgh {freeze, Dex+4}
  1086 | D:2      | Reached skill level 1 in Unarmed Combat
  1204 | D:2      | Found a stormy altar of Qazlal.
  1262 | D:2      | Noticed Sigmund
  1266 | D:2      | Killed Sigmund
  1267 | D:2      | Reached skill level 4 in Long Blades
  1267 | D:2      | Reached XP level 4. HP: 29/35 MP: 4/4
  1267 | D:2      | Reached XP level 5. HP: 34/41 MP: 5/5
  1824 | D:3      | Reached skill level 1 in Stealth
  1913 | D:3      | Found an opulent altar of Gozag.
  1986 | D:3      | Gained mutation: You sometimes gain a little power by
                  | taking damage. [demonic ancestry]
  1986 | D:3      | Reached XP level 6. HP: 45/47 MP: 6/6
  2310 | D:3      | Noticed Terence
  2314 | D:3      | Killed Terence
  2517 | D:4      | Found a radiant altar of Vehumet.
  2594 | D:4      | Found a glowing drain.
  2604 | Sewer    | Entered a sewer
  2632 | Sewer    | Noticed a water moccasin
  2646 | Sewer    | Killed a water moccasin
  2647 | Sewer    | Reached skill level 5 in Long Blades
  2932 | D:4      | Gained mutation: You are partially covered in yellow
                  | scales. (AC +2) [demonic ancestry]
  2932 | D:4      | Reached XP level 7. HP: 34/52 MP: 7/7
  3040 | D:4      | You fall into a shaft and drop 2 floors!
  3064 | D:6      | Reached skill level 6 in Long Blades
  3130 | D:5      | Entered Level 5 of the Dungeon
  3589 | D:4      | Found a staircase to the Ecumenical Temple.
  3595 | Temple   | Entered the Ecumenical Temple
  3998 | D:5      | Found a runed translucent door.
  3999 | D:5      | Noticed elongatedgoose's ghost (novice MfGl)
  4098 | D:5      | Reached skill level 7 in Long Blades
  4098 | D:5      | Reached XP level 8. HP: 16/58 MP: 8/8
  4448 | D:5      | Killed elongatedgoose's ghost
  4921 | D:6      | Reached skill level 8 in Long Blades
  5032 | D:6      | Reached XP level 9. HP: 65/65 MP: 9/9
  5082 | D:6      | Reached skill level 1 in Evocations
  5758 | D:7      | Noticed Joseph
  5771 | D:7      | Killed Joseph
  5772 | D:7      | Reached skill level 9 in Long Blades
  6007 | D:7      | Reached skill level 5 in Fighting
  6880 | D:8      | Noticed Pikel
  6889 | D:8      | Killed Pikel
  6890 | D:8      | Reached skill level 10 in Long Blades
  6890 | D:8      | Reached skill level 5 in Unarmed Combat
  6921 | D:8      | Reached XP level 10. HP: 74/74 MP: 10/10
  7275 | D:8      | Noticed Gastronok
  7301 | D:8      | Killed Gastronok
  7302 | D:8      | Reached skill level 11 in Long Blades
  7302 | D:8      | Reached skill level 5 in Dodging
  8093 | D:9      | Found a staircase to the Lair.
  8793 | D:9      | Found an iron altar of Okawaru.
  9231 | D:10     | Entered Level 10 of the Dungeon
  9720 | D:10     | Got Sif Muna's Precepts of Gases
  9808 | D:10     | Gained mutation: Spells you cast may paralyse adjacent
                  | enemies. [demonic ancestry]
  9808 | D:10     | Reached XP level 11. HP: 53/81 MP: 11/11
 10033 | D:10     | Reached skill level 12 in Long Blades
 10069 | D:10     | Identified the +7 scale mail "Boarifiaj" {Str+6 Dex+2
                  | Stlth+}
 11058 | D:11     | Reached skill level 13 in Long Blades
 11094 | D:11     | Noticed a white ugly thing
 11101 | D:11     | Killed a white ugly thing
 11182 | D:11     | Found a staircase to the Orcish Mines.
 11649 | D:12     | Reached skill level 1 in Spellcasting
 11679 | D:12     | Found a transporter.
 11723 | D:12     | Noticed a deep elf pyromancer
 11734 | D:12     | Killed a deep elf pyromancer
 12089 | D:12     | Found a transporter.
 12500 | D:1      | Bought the ring of Boolumuon {+Blink rC+ Will+ MP+9 Slay-2}
                  | for 771 gold pieces
 12889 | D:12     | Noticed a two-headed ogre
 12901 | D:12     | Killed a two-headed ogre
 13013 | D:12     | Noticed a boulder beetle
 13029 | D:12     | Killed a boulder beetle
 13030 | D:12     | Reached skill level 14 in Long Blades
 13030 | D:12     | Gained mutation: You sometimes gain power by taking damage.
                  | [demonic ancestry]
 13030 | D:12     | Reached XP level 12. HP: 83/89 MP: 16/16
 13328 | D:12     | Reached skill level 1 in Short Blades
 13342 | D:12     | Identified the +1 cloak of Love and Death {rPois Regen+
                  | Str+3 Dex+3}
 13861 | D:13     | Gained mutation: You have a pair of small horns on your
                  | head. [potion of mutation]
 13861 | D:13     | Gained mutation: You have large cloven feet. [potion of
                  | mutation]
 13861 | D:13     | Gained mutation: Your muscles are strong. (Str +4, Int/Dex
                  | -1) [potion of mutation]
 13869 | D:13     | Noticed Erolcha
 13878 | D:13     | Killed Erolcha
 13903 | D:13     | Noticed Josephine
 13918 | D:13     | Killed Josephine
 14177 | D:13     | Noticed a four-headed hydra
 14179 | D:13     | Found a runed translucent gate.
 14180 | D:13     | Found a runed translucent gate.
 14180 | D:13     | Found an opulent altar of Gozag.
 14181 | D:13     | Found a runed translucent gate.
 14189 | D:13     | Killed a four-headed hydra
 14210 | D:13     | Noticed Wipuing's ghost (journeyman MiBe)
 14211 | D:13     | Found Riridwag's Assorted Antiques.
 14299 | D:13     | Noticed a centaur warrior
 14304 | D:13     | Noticed a centaur warrior
 14312 | D:13     | Killed a centaur warrior
 14313 | D:13     | Reached skill level 5 in Short Blades
 14337 | D:13     | Killed a centaur warrior
 14423 | D:13     | Noticed a centaur warrior
 14423 | D:13     | Noticed a centaur warrior
 14424 | D:13     | Noticed a boulder beetle
 14425 | D:13     | Noticed a catoblepas
 14436 | D:13     | Killed a centaur warrior
 14440 | D:13     | Killed a centaur warrior
 14458 | D:13     | Killed a catoblepas
 14481 | D:13     | Killed a boulder beetle
 14686 | D:13     | an eye of devastation changed into an anaconda
 14686 | D:13     | Noticed an anaconda (glowing shapeshifter)
 14687 | D:13     | Noticed an ogre mage
 14687 | D:13     | an anaconda changed into a torpor snail
 14696 | D:13     | Killed an ogre mage
 14709 | D:13     | HP: 3/91 [hell knight/+1 great sword (8)]
 14711 | D:13     | Slain by a hell knight

Illustrated notes

Levels and vault maps discovered:
D:1:      minmay_arrival_shattered_statue, layout_rooms, serial_shops,
          shop_fountains, ebering_ecumenical_altar_rust
D:2:      layout_basic, basic_altar, uniq_sigmund
D:3:      layout_basic, mainiacjoe_overflow_surrounded_room,
          chequers_hall_statues_wall_a, hangedman_decor_opposing, uniq_terence
D:4:      minmay_chambers_of_twos, layout_cave_pools,
          nicolae_overflow_hidden_temple, minmay_temple_entry_enclosed_plants,
          portal_sewer_entry_d
D:5:      layout_rooms, gammafunk_ghost_grave, roderic_serpentine_path
D:6:      layout_basic
D:7:      layout_basic, serial_glass, glass_columns_a, glass_columns_a,
          kennysheep_generic_room_14, uniq_joseph
D:8:      layout_basic, uniq_gastronok, uniq_pikel
D:9:      layout_stronghold, mainiacjoe_overflow_big_doors, lair_entry_dummy
D:10:     layout_rooms, minmay_misc_feat_cross
D:11:     layout_basic, orc_0_dummy, minmay_stone_trees_small
D:12:     gammafunk_cloud_chamber, layout_gridville
D:13:     minmay_recursive_quarters, layout_stronghold, ebering_ghost_gozag,
          uniq_erolcha, uniq_josephine
Temple:   mainiacjoe_temple_coin_purse

Skill      XL: |  1  2  3  4  5  6  7  8  9 10 11 12 |
---------------+-------------------------------------+-----
Long Blades    | 2 4 5 7 8 10 11 14 | 14.0
Dodging        | 1 3 4 5 6 |  6.0
Throwing       | 1 2 |  2.0
Unarmed Combat | 2 3 4 5 6 7 |  7.0
Stealth        | 1 2 3 |  3.0
Armour         | 3 |  3.0
Fighting       | 4 5 6 7 |  7.0
Evocations     | 2 |  2.0
Spellcasting   | 3 |  3.0
Short Blades   | 8 |  8.0
Shields        | |  2.6

Action                     |  1- 3 |  4- 6 |  7- 9 | 10-12 || total
---------------------------+-------+-------+-------+-------++-------
  Melee: Long sword        |    85 |       |       |       ||    85
         Touch             |     5 |    12 |    45 |   130 ||   192
         Rapier            |    16 |    81 |   150 |   128 ||   375
         Punch             |     1 |       |     4 |    24 ||    29
         Scimitar          |       |       |    76 |   425 ||   501
         Headbutt          |       |       |       |    45 ||    45
  Throw: Stone             |       |     3 |    19 |    45 ||    67
         Dart              |       |       |     6 |     3 ||     9
         Boomerang         |       |       |       |     1 ||     1
  Evoke: Wand              |       |       |     2 |     2 ||     4
    Use: Scroll            |     1 |     6 |    12 |     6 ||    25
         Potion            |       |     1 |     1 |     8 ||    10
   Stab: Distracted        |       |       |       |     2 ||     2
         Sleeping          |       |       |       |     1 ||     1
         Petrified         |       |       |       |     4 ||     4
 Armour: Scale mail        |    54 |       |       |   193 ||   247
         Plate armour      |    28 |    65 |   180 |   201 ||   474
         Chain mail        |     6 |       |       |       ||     6
  Dodge: Dodged            |    61 |    25 |    68 |   285 ||   439
  Block: Buckler           |    10 |       |       |       ||    10

Table legend: (Time is in decaauts)
 A = Elapsed time spent in this place.
 B = Non-inter-level travel time spent in this place.
 C = Inter-level travel time spent in this place.
 D = Time resting spent in this place.
 E = Time spent auto-exploring this place.
 F = Levels seen in this place.
 G = Mean time per level.
                   A        B        C        D        E       F      G
               +--------+--------+--------+--------+--------+-----+--------+
         Total |  14665 |  12094 |   2571 |   2393 |   6723 |  15 |  977.7 |
       Dungeon |  14286 |  11739 |   2547 |   2232 |   6633 |  13 | 1098.9 |
        Temple |    121 |     98 |     23 |      0 |     80 |   1 |  121.0 |
         Sewer |    257 |    257 |      0 |    161 |     10 |   1 |  257.0 |
               +--------+--------+--------+--------+--------+-----+--------+

Top non-repeatable levels by time:
     D:9: 1603 daAuts
    D:12: 1420 daAuts
    D:11: 1227 daAuts
    D:13: 1162 daAuts
     D:7: 1155 daAuts
     D:6: 1102 daAuts
    D:10: 1037 daAuts
     D:2: 979 daAuts
     D:8: 955 daAuts
     D:5: 942 daAuts
     D:3: 930 daAuts
     D:1: 918 daAuts
     D:4: 852 daAuts
   Sewer: 257 daAuts
  Temple: 121 daAuts
